 Dungeon Crawl Stone Soup version 0.19.5 (webtiles) character file.

1260 Peloso the Slasher (level 8, -1/68 HPs)
             Began as a Minotaur Fighter on Apr 17, 2017.
             Killed from afar by an orc wizard (2 damage)
             ... with a magic dart
             ... on level 6 of the Dungeon.
             The game lasted 00:08:41 (3830 turns).

Peloso the Slasher (Minotaur Fighter)               Turns: 3830, Time: 00:08:43

Health: -1/68      AC: 12    Str: 26    XL:     8   Next: 27%
Magic:  7/7        EV:  8    Int:  5    God:
Gold:   338        SH: 11    Dex: 12    Spells: 0 memorised, 7 levels left

rFire  + . .     SeeInvis .     a - +0 long sword
rCold  x . .     Gourm    .     s - +0 chain mail
rNeg   . . .     Faith    .     c - +0 shield
rPois  .         Spirit   .     (helmet restricted)
rElec  .         Reflect  .     b - +0 cloak
rCorr  .         Harm     .     (no gloves)
MR     .....                    N - +0 pair of boots
Stlth  ..........               (no amulet)
                                (no ring)
                                K - ring of fire

@: mighty
A: retaliatory headbutt, horns 2
a: no special abilities


You were on level 6 of the Dungeon.
You were not hungry.

You visited 1 branch of the dungeon, and saw 6 of its levels.

You collected 374 gold pieces.
You spent 36 gold pieces at shops.

Inventory:

Hand Weapons
 a - a +0 long sword (weapon)
 h - a cursed -2 dagger
 w - a cursed -3 whip
 z - a +3 quarterstaff of chaos
Armour
 b - a +0 cloak (worn)
 c - a +0 shield (worn)
 l - a +0 plate armour
 s - a +0 chain mail (worn)
 N - a +0 pair of boots (worn)
Jewellery
 K - a ring of fire (left hand)
Wands
 t - a wand of paralysis (11/24)
 v - a wand of random effects (26/48)
 x - a wand of random effects (26/48)
 A - a wand of paralysis (7/24)
 B - a wand of confusion (24/48)
 L - a wand of iceblast (4/15)
Scrolls
 g - 7 scrolls of identify {unknown}
 m - 4 scrolls of noise {unknown}
 r - 2 scrolls of immolation {unknown}
 u - a scroll of enchant weapon {unknown}
 y - a scroll of remove curse {unknown}
 C - a scroll of magic mapping {unknown}
 D - a scroll of fear {unknown}
 F - a scroll of blinking {unknown}
Potions
 d - a potion of might
 e - a potion of flight {unknown}
 j - a potion of berserk rage {unknown}
 k - a potion of haste {unknown}
 p - 3 potions of lignification {unknown}
 q - 2 potions of ambrosia {unknown}
 G - a potion of experience {unknown}
 I - a potion of agility {unknown}
 M - a potion of curing
Books
 H - a book of Minor Magic

   Spells                             Type                      Level
   a - Magic Dart                     Conjuration                  1
   b - Blink                          Translocation                2
   c - Call Imp                       Summoning                    2
   d - Repel Missiles                 Charms/Air                   2
   e - Slow                           Hexes                        2
   f - Conjure Flame                  Conjuration/Fire             3
   g - Mephitic Cloud                 Conjuration/Poison/Air       3
Comestibles
 f - 3 bread rations
 i - 7 fruits
 n - a beef jerky
 o - 2 meat rations
 E - a royal jelly


   Skills:
 + Level 5.2 Fighting
 + Level 7.7 Long Blades
 + Level 6.3 Armour
 + Level 2.2 Dodging
 + Level 7.1 Shields


You had 7 spell levels left.
You didn't know any spells.

Dungeon Overview and Level Annotations

Branches:
Dungeon (6/15)
 Temple: D:4-7

Altars:
Dithmenos
Fedhas
Nemelex Xobeh
Uskayaw
Xom

Shops:
D:6 !


Innate Abilities, Weirdness & Mutations

You reflexively headbutt those who attack you in melee.
You have a pair of horns on your head.


Message History

The orc shouts!
The orc warrior hits you with a battleaxe!!
* * * LOW HITPOINT WARNING * * *
You closely miss the orc warrior. You headbutt the orc warrior!
The orc warrior is heavily wounded.
The orc wizard casts a spell.
The orc wizard flickers and vanishes!
Deactivating autopickup; reactivate with Ctrl-A.
You feel mightier all of a sudden.
The orc warrior hits you with a battleaxe!
* * * LOW HITPOINT WARNING * * *
All of the chunks of flesh in your inventory have rotted away.
You hit the orc warrior.
The orc warrior is severely wounded.
The orc warrior barely misses you. You furiously retaliate!
You headbutt the orc warrior!
You kill the orc warrior!
A magic dart appears from out of thin air!
The magic dart hits you!
You die...

#..## ##..##
##..# #..#
#..# #..#
#..#
#..#######
#...#..(@#
#......##){#
#.....###
#oo.#
........#
o.#.#
##..#...# ##
# #.###..#
## #... ##..
#..


You could see an orc wizard and 2 orcs.

Vanquished Creatures
  The ghost of Aleruyeri the Ruffian, a novice GrMo of Zin (D:6)
  Edmund (D:4)
  A water moccasin (D:6)
  An orc warrior (D:6)
  A centaur (D:5)
  A scorpion (D:3)
  A howler monkey (D:6)
  A bullfrog zombie (D:5)
  Crazy Yiuf (D:2)
  2 orc priests (D:5)
  A hound (D:5)
  An orc wizard (D:5)
  Ijyb (D:3)
  2 iguanas (D:6)
  3 worker ants (D:6)
  Terence (D:3)
  A hound zombie (D:5)
  A worker ant zombie (D:5)
  7 adders
  3 worms
  A dart slug (D:2)
  3 leopard geckos
  5 orcs
  2 ball pythons
  6 giant cockroaches
  8 hobgoblins
  11 jackals
  4 quokkas
  7 bats
  3 frilled lizards
  7 goblins
  7 kobolds
  9 rats
105 creatures vanquished.

Notes
Turn   | Place    | Note
-------+----------+-------------------------------------------
     0 | D:1      | Peloso the Minotaur Fighter began the quest for the Orb.
     0 | D:1      | Reached XP level 1. HP: 19/19 MP: 0/0
   148 | D:1      | Reached XP level 2. HP: 16/27 MP: 1/1
   628 | D:1      | Reached XP level 3. HP: 33/33 MP: 2/2
  1009 | D:2      | Reached XP level 4. HP: 40/40 MP: 3/3
  1148 | D:2      | Found a runed door.
  1205 | D:2      | Found a blossoming altar of Fedhas.
  1393 | D:3      | Noticed Terence
  1397 | D:3      | Killed Terence
  1397 | D:3      | Reached skill level 1 in Dodging
  1533 | D:3      | Noticed Ijyb
  1548 | D:3      | Killed Ijyb
  1548 | D:3      | Reached XP level 5. HP: 45/47 MP: 4/4
  1884 | D:3      | Reached skill level 5 in Long Blades
  2112 | D:2      | Noticed Crazy Yiuf
  2117 | D:2      | Killed Crazy Yiuf
  2202 | D:4      | Found a shimmering altar of Xom.
  2359 | D:4      | Noticed Edmund
  2388 | D:4      | Killed Edmund
  2388 | D:4      | Reached skill level 5 in Shields
  2388 | D:4      | Reached XP level 6. HP: 13/53 MP: 5/5
  2787 | D:5      | Entered Level 5 of the Dungeon
  2787 | D:5      | Found a shadowy altar of Dithmenos.
  2928 | D:5      | Reached XP level 7. HP: 43/60 MP: 6/6
  3124 | D:5      | Reached skill level 5 in Fighting
  3124 | D:5      | Reached skill level 5 in Armour
  3322 | D:6      | Noticed a hand axe
  3323 | D:6      | Noticed a dagger
  3323 | D:6      | Found a hide-covered altar of Uskayaw.
  3372 | D:6      | Found a sparkling altar of Nemelex Xobeh.
  3428 | D:6      | Found Hoejaepo's Distillery.
  3441 | D:6      | Bought a potion of curing for 36 gold pieces
  3778 | D:6      | Noticed Aleruyeri's ghost (novice GrMo)
  3790 | D:6      | Killed Aleruyeri's ghost
  3790 | D:6      | Reached XP level 8. HP: 49/68 MP: 7/7
  3829 | D:6      | HP: 1/68 [orc warrior/battleaxe (17)]
  3830 | D:6      | Killed from afar by an orc wizard

Skill      XL: |  1  2  3  4  5  6  7  8 |
---------------+-------------------------+-----
Fighting       | 4 5 |  5.2
Shields        | 4 5 6 7 |  7.1
Armour         | 4 5 6 |  6.3
Long Blades    | 3 4 5 6 7 |  7.7
Dodging        | 1 2 |  2.2

Action                   |  1- 3 |  4- 6 |  7- 9 || total
-------------------------+-------+-------+-------++-------
Melee: Long sword        |    86 |   176 |    77 ||   339
       Headbutt          |    11 |    32 |    20 ||    63
  Use: Potion            |       |     1 |     2 ||     3
  Eat: Chunk             |       |     6 |     4 ||    10
Armor: Scale mail        |    40 |     8 |       ||    48
       Chain mail        |       |    90 |    34 ||   124
Dodge: Dodged            |    27 |    42 |    19 ||    88
Block: Shield            |    34 |   105 |    43 ||   182
       Rpst.: Long sword |     5 |    12 |     5 ||    22
